 Dungeon Crawl Stone Soup version 0.27-a0-1529-g1e82c303ef (webtiles) character file.

Game seed: 9607066509389429995

23 FessEmpty the Skirmisher (level 2, 0/26 (27) HPs)
             Began as a Draconian Berserker on Mar 24, 2021.
             Was a Follower of Trog.
             Slain by a necrophage (3 damage)
             ... on level 3 of the Dungeon on July 12, 2021.
             The game lasted 00:14:48 (490 turns).

FessEmpty the Skirmisher (Draconian Berserker)       Turns: 490, Time: 00:14:49

HP:   0/26 (27)     AC:  4    Str: 19    XL:     2   Next: 72%
MP:   2/2           EV: 12    Int:  7    God:    Trog [*.....]
Gold: 0             SH:  0    Dex: 10    Spells: 1/1 levels left

rFire    x . .     SeeInvis .   a - +0 hand axe
rCold    + . .     Faith    .   (no shield)
rNeg     . . .     Spirit   .   (armour unavailable)
rPois    .         Reflect  .   (helmet restricted)
rElec    .         Harm     .   (no cloak)
rCorr    .         Rampage  .   (no gloves)
Will     .....                  (no boots)
Stlth    +.........             (no amulet)
HPRegen  0.08/turn              (no ring)
MPRegen  0.08/turn              c - ring of ice

@: on berserk cooldown, slowed, lightly drained, very slow
A: AC +4, unfitting armour, cold-blooded
a: Renounce Religion, Berserk


You were on level 3 of the Dungeon.
You worshipped Trog.
Trog was aware of your devotion.
You visited 1 branch of the dungeon, and saw 3 of its levels.

Inventory:

Hand Weapons
 a - a +0 hand axe (weapon)
Jewellery
 c - a ring of ice (right hand)
Scrolls
 d - a scroll of noise {unknown}
Potions
 b - a potion of invisibility {unknown}


   Skills:
 + Level 3.7 Fighting
 + Level 3.4 Axes
 + Level 3.0 Dodging


You had one spell level left.
You didn't know any spells.
Your spell library was empty.

Dungeon Overview and Level Annotations

Branches:
Dungeon (3/15)

Altars:


Innate Abilities, Weirdness & Mutations

Your plain brown scales are hard. (AC +4)
You cannot fit into any form of body armour.
You are cold-blooded and may be slowed by cold attacks.


Message History

The necrophage is lightly damaged.
You hit the jackal but do no damage. You hit the jackal.
The jackal barely misses you. The jackal bites you.
The necrophage closely misses you.
The jackal bites you but does no damage.
The jackal misses you. The necrophage closely misses you.
The jackal closely misses you. The jackal misses you. The jackal bites you.
The jackal bites you but does no damage.
The necrophage barely misses you.
The jackal bites you but does no damage.
The jackal bites you but does no damage.
The jackal misses you. The necrophage closely misses you.
The jackal closely misses you. The jackal misses you. The necrophage hits you.
* * * LOW HITPOINT WARNING * * *
You feel drained.
* * * LOW HITPOINT WARNING * * *
The jackal closely misses you.
The jackal bites you but does no damage. x2
The necrophage closely misses you. The jackal barely misses you.
The jackal bites you but does no damage.
The jackal closely misses you.
The jackal bites you but does no damage.
The necrophage hits you but does no damage.
The jackal bites you but does no damage. x2
The necrophage hits you.
* * * LOW HITPOINT WARNING * * *
The jackal bites you but does no damage.
The jackal barely misses you. The necrophage barely misses you.
The jackal bites you but does no damage.
The jackal closely misses you.
The jackal bites you but does no damage.
The jackal closely misses you.
The necrophage hits you but does no damage.
The jackal closely misses you. The jackal barely misses you.
The necrophage hits you.
* * * LOW HITPOINT WARNING * * *
The jackal closely misses you.
The jackal bites you but does no damage.
The jackal misses you. The necrophage hits you.
You die...

.... ....
#....
#....#######
#..........#
#..........#
#....h...#.#
#...n@h....#
#........###
#...######
#... #.. #..
#. #.


You could see a necrophage and 2 jackals.

Vanquished Creatures
  A dart slug (D:1)
  A ball python (D:1)
  3 endoplasms (D:1)
  A giant cockroach (D:1)
  2 hobgoblins (D:1)
  4 jackals (D:1)
  2 frilled lizards (D:1)
  A kobold (D:1)
  4 rats (D:1)
19 creatures vanquished.

Notes
Turn   | Place    | Note
-------+----------+-------------------------------------------
     0 | D:1      | FessEmpty the Draconian Berserker began the quest for the
                  | Orb.
     0 | D:1      | Reached XP level 1. HP: 19/19 MP: 1/1
    72 | D:1      | Reached XP level 2. HP: 26/26 MP: 2/2
   457 | D:1      | Upgraded the game from 0.27-a0-760-gc38aae387d to
                  | 0.27-a0-819-g058290f16d
   457 | D:1      | Upgraded the game from 0.27-a0-819-g058290f16d to
                  | 0.27-a0-887-gcab673c142
   457 | D:1      | Upgraded the game from 0.27-a0-887-gcab673c142 to
                  | 0.27-a0-1136-g0b992a5a9d
   457 | D:1      | Upgraded the game from 0.27-a0-1136-g0b992a5a9d to
                  | 0.27-a0-1529-g1e82c303ef
   480 | D:3      | Noticed a necrophage
   490 | D:3      | Slain by a necrophage

Illustrated notes

Levels and vault maps discovered:
D:1:      psy_arrival_statuary, layout_basic
D:2:      layout_rooms, kennysheep_crisscross, minmay_heptomino_l4
D:3:      layout_basic, shapermc_ecumenical_altar_starsandcircs,
          portal_sewer_entry_a, gammafunk_ghost_split,
          minmay_misc_feat_enclosed, uniq_sigmund

Skill      XL: |  1  2 |
---------------+-------+-----
Dodging        | 3 |  3.0
Fighting       | |  3.7
Axes           | |  3.4

Action                   || total
-------------------------++-------
Melee: Hand axe          ||    36
       Unarmed           ||    21
       Tailslap          ||     5
Invok: Berserk           ||     5
Armor: Skin              ||    45
Dodge: Dodged            ||    84

Table legend: (Time is in decaauts)
 A = Elapsed time spent in this place.
 B = Non-inter-level travel time spent in this place.
 C = Inter-level travel time spent in this place.
 D = Time resting spent in this place.
 E = Time spent auto-exploring this place.
 F = Levels seen in this place.
 G = Mean time per level.
                   A        B        C        D        E       F      G
               +--------+--------+--------+--------+--------+-----+--------+
         Total |    534 |    534 |      0 |      0 |    349 |   3 |  178.0 |
       Dungeon |    534 |    534 |      0 |      0 |    349 |   3 |  178.0 |
               +--------+--------+--------+--------+--------+-----+--------+

Top non-repeatable levels by time:
     D:1: 506 daAuts
     D:3: 14 daAuts
     D:2: 13 daAuts
